 Dungeon Crawl Stone Soup version 0.20.0-10-g0535bb4 (webtiles) character file.

91 maniacrov the Gusty (level 4, -1/24 HPs)
             Began as a Deep Elf Air Elementalist on June 5, 2017.
             Was an Initiate of Sif Muna.
             Succumbed to an orc wizard's poison
             ... on level 4 of the Dungeon.
             The game lasted 00:13:48 (2038 turns).

maniacrov the Gusty (Deep Elf Air Elementalist)     Turns: 2038, Time: 00:13:49

Health: -1/24      AC:  2    Str:  5    XL:     4   Next: 33%
Magic:  3/11       EV: 19    Int: 21    God:    Sif Muna [......]
Gold:   126        SH:  0    Dex: 20    Spells: 9/10 levels left

rFire    . . .     SeeInvis .   i - +0 dagger
rCold    . . .     Gourm    .   (no shield)
rNeg     . . .     Faith    .   a - +0 robe
rPois    .         Spirit   .   (no helmet)
rElec    .         Reflect  .   (no cloak)
rCorr    .         Harm     .   (no gloves)
MR       .....                  (no boots)
Stlth    ++++......             (no amulet)
Regen    0.1/turn               (no ring)
MPRegen  0.2/turn               (no ring)

@: agile, lethally poisoned (-1 -> -28)
A: no striking features
a: Renounce Religion


You were on level 4 of the Dungeon.
You worshipped Sif Muna.
Sif Muna was noncommittal.
You were not hungry.

You visited 2 branches of the dungeon, and saw 5 of its levels.

You collected 126 gold pieces.

Inventory:

Hand Weapons
 i - a +0 dagger (weapon)
Armour
 a - a +0 robe (worn)
Jewellery
 q - an uncursed ring of positive energy {unknown}
Wands
 l - a wand of polymorph (7/24)
 m - a wand of lightning (0/15)
Scrolls
 f - a scroll of fog {unknown}
 h - 2 scrolls of teleportation
 n - a scroll of remove curse {unknown}
 r - a scroll of amnesia {unknown}
Potions
 e - a potion of might {unknown}
 g - a potion of invisibility {unknown}
 k - 2 potions of brilliance
 o - a potion of degeneration {unknown}
Books
 b - a book of Air

   Spells                             Type                      Level
   a - Shock                          Conjuration/Air              1
   b - Swiftness                      Charms/Air                   2
   c - Static Discharge               Conjuration/Air              3
   d - Airstrike                      Air                          4
   e - Lightning Bolt                 Conjuration/Air              5
Comestibles
 c - 3 bread rations
 d - a meat ration
 p - a royal jelly


   Skills:
 + Level 2.8 Dodging
 + Level 2.9 Stealth
 + Level 3.9 Spellcasting
 + Level 2.1 Conjurations
 + Level 4.0 Air Magic


You had 9 spell levels left.
You knew the following spells:

 Your Spells              Type           Power        Failure   Level  Hunger
a - Shock                 Conj/Air       ###.         3%          1    None


Dungeon Overview and Level Annotations

Branches:
Dungeon (4/15)             Temple (1/1) D:4

Altars:
Ashenzari
Elyvilon
Fedhas
Gozag
Kikubaaqudgha
Nemelex Xobeh
Sif Muna
Uskayaw
Vehumet
The Shining One

Shops:
D:4 }


Message History

Okay, then.
* * * LOW HITPOINT WARNING * * *
You feel sick. The orc closely misses you.
Casting: Shock
Confirm with . or Enter, or press ? or * to list all spells.
Aiming: Shock
Press: ? - help, Shift-Dir - straight line The zap hits the orc.
The orc is severely wounded.
The zap hits the orc.
You kill the orc!
Sif Muna accepts your kill.
* * * LOW HITPOINT WARNING * * *
You feel sick. Something hits you.
* * * LOW HITPOINT WARNING * * *
You are more poisoned.
The orc hits you but does no damage.
It was a potion of agility.
You feel agile all of a sudden.
You die...

*,,,,*** *,,,**,,
*#########################*,**,**
,................#.%#....##.*_**,
,,,,,,#.....................***,*
...,,,#.....................,**,,
.....,#.....................,,***
......#..........o......[...,,,,,
,.....#....<....@.).........,,,..
#*#..###...##....)..........,,...
###..###...##...##.##.##....**#..
#..........#######.##.#########.>
#..........#...........#.........
#..........#...........#.........
####.##.[..##....†.....#.........
####.......##..........#.........
................(......#.........


You could see an orc.

Vanquished Creatures
  An adder (D:3)
  2 oozes
  2 worms
  2 dart slugs
  2 leopard geckos
  7 orcs
  A giant cockroach (D:3)
  5 goblins
  6 hobgoblins
  3 jackals (D:3)
  2 ball pythons
  5 bats
  5 frilled lizards
  8 kobolds
  4 rats
55 creatures vanquished.

Vanquished Creatures (others)
  A bat (D:3)
1 creature vanquished.

Grand Total: 56 creatures vanquished

Notes
Turn   | Place    | Note
-------+----------+-------------------------------------------
     0 | D:1      | maniacrov the Deep Elf Air Elementalist began the quest for the Orb.
     0 | D:1      | Reached XP level 1. HP: 10/10 MP: 6/6
   159 | D:1      | Reached XP level 2. HP: 10/15 MP: 4/8
   636 | D:2      | Reached XP level 3. HP: 19/19 MP: 6/9
   847 | D:2      | Found an opulent altar of Gozag.
  1164 | D:3      | Found a radiant altar of Vehumet.
  1379 | D:3      | Reached XP level 4. HP: 24/24 MP: 7/11
  1469 | D:3      | Found a glowing golden altar of the Shining One.
  1471 | D:3      | Reached skill level 4 in Air Magic
  1859 | D:4      | Found a staircase to the Ecumenical Temple.
  1872 | Temple   | Entered the Ecumenical Temple
  1919 | Temple   | Became a worshipper of Sif Muna the Loreminder
  1960 | D:4      | Found Waigof's Gadget Emporium.
  2037 | D:4      | HP: 1/24 [something (4)]
  2038 | D:4      | Succumbed to an orc wizard's poison

Skill      XL: |  1  2  3  4 |
---------------+-------------+-----
Air Magic      | 4 |  4.0
Conjurations   | 2 |  2.1
Dodging        | |  2.8
Stealth        | |  2.9
Spellcasting   | |  3.9

Action                   |  1- 3 |  4- 6 || total
-------------------------+-------+-------++-------
Melee: Whip              |     5 |       ||     5
       Dagger            |     2 |     1 ||     3
 Cast: Shock             |    68 |    42 ||   110
Evoke: Wand              |     1 |       ||     1
  Use: Scroll            |     3 |     2 ||     5
       Potion            |       |     1 ||     1
  Eat: Royal jelly       |     1 |       ||     1
       Meat ration       |       |     1 ||     1
Armor: Robe              |       |     3 ||     3
Dodge: Dodged            |    17 |     7 ||    24
